 Dungeon Crawl Stone Soup version 0.31-a0-1467-g53b6572822 (webtiles) character file.

Game seed: 11500955656771549557

455 mopl the Ruffian (level 7, -14/50 HPs)
             Began as a Djinni Shapeshifter on Dec 28, 2023.
             Was a Priest of Uskayaw.
             Demolished by an ogre
             ... wielding a +0 giant spiked club
              (16 damage)
             ... on level 4 of the Dungeon.
             The game lasted 00:04:17 (2978 turns).

mopl the Ruffian (Djinni Shapeshifter)              Turns: 2978, Time: 00:04:18

Health: -14/50     AC:  5    Str: 15    XL:     7   Next: 26%
Gold:   231        EV: 11    Int: 11    God:    Uskayaw [***...] SH:  5 Dex: 19

rFire   + +          .
                       - Unarmed
rCold   x . .        (no shield)
rNeg    . . .        f - +0 ring mail
rPois   ∞            (helmet currently unavailable)
rElec   .            (cloak currently unavailable)
rCorr   .            (gloves currently unavailable)
SInv    .            (boots unavailable)
Will    .....        v - amulet of reflection
Stlth   +            k - +6 ring of dexterity
HPRegen 0.28/turn    (no ring)
MPRegen 0.00/turn

%: reflection, infuse magic (-15 HP)
@: beast-form, flying
A: beast (slay +2), flying, sickness immunity, fire resistance 2, cold
vulnerability 1, float, innate caster, HP casting, extra vitality 1
a: Begin Untransformation, Renounce Religion, Stomp, Line Pass


You were on level 4 of the Dungeon.
You worshipped Uskayaw.
Uskayaw was noncommittal.
You were a hulking beast.
You visited 1 branch of the dungeon, and saw 4 of its levels.

You collected 231 gold pieces.

Inventory:

Missiles
 b - 2 throwing nets
 e - 7 poisoned darts
 w - 3 boomerangs
Armour
 f - a +0 ring mail (worn)
Jewellery
 k - a +6 ring of dexterity (left hand)
 v - an amulet of reflection (around neck)
Talismans
 c - a beast talisman
 d - a flux talisman
Wands
 j - a wand of quicksilver (1)
 m - a wand of polymorph (3)
Scrolls
 a - 2 scrolls of teleportation {unknown}
 g - a scroll of poison {unknown}
 i - 3 scrolls of identify {unknown}
 l - a scroll of fog {unknown}
 q - a scroll of immolation {unknown}
 t - a scroll of enchant weapon {unknown}
 u - a scroll of fear {unknown}
Potions
 h - 4 potions of haste {unknown}
 n - 3 potions of attraction {unknown}
 o - a potion of resistance {unknown}
 p - a potion of mutation {unknown}
 r - a potion of curing {unknown}
 s - a potion of enlightenment {unknown}


   Skills:
 + Level 3.1 Fighting
 - Level 2.1 Dodging
 * Level 5.3 Unarmed Combat
 + Level 0.4 Invocations
 * Level 4.5 Shapeshifting


You knew the following spells:

 Your Spells              Type           Power      Damage    Failure   Level
a - Necrotise             Necr           0%         1d4       56%         1
b - Lesser Beckoning      Tloc           0%         N/A       71%         2
c - Hailstorm             Conj/Ice       0%         3d5       91%         3
Your spell library was empty.

Dungeon Overview and Level Annotations

Branches:
Dungeon (4/15)
 Temple: D:4-7

Altars:
Uskayaw


Innate Abilities, Weirdness & Mutations

You are a hulking beast.
Your limbs bulge with bestial killing power. (Slay +2)
You are flying.
You are immune to sickness and miasma.
You are immune to poison.
Your flesh is very heat resistant. (rF++)
You are vulnerable to cold. (rC-)
You float through the air rather than walking.
You learn spells naturally, not from books.
Your magical power is your life essence.
You have superior vitality. (+4 MHP)


Message History

You barely miss the iguana. You punch the iguana.
The iguana is moderately wounded.
The iguana barely misses you.
You hit the iguana but do no damage.
The iguana is moderately wounded.
The iguana barely misses you.
You hit the iguana.
The iguana is heavily wounded.
The iguana bites you but does no damage.
You hit the iguana.
The iguana is severely wounded.
You can now pass through a line of other dancers.
You hit the iguana.
You kill the iguana!
The kobold throws a stone.
The stone closely misses you.
You hit the ogre.
The ogre is lightly wounded.
You hit the ogre.
The ogre is moderately wounded.
The ogre hits you with a +0 giant spiked club!
Uskayaw will force your foes to helplessly watch your dance.
Uskayaw prepares the audience for your solo!
The helpless ogre fails to defend itself.
You punch the ogre!
The ogre is severely wounded.
The ogre is no longer paralysed.
The ogre hits you with a +0 giant spiked club!
* * * LOW HITPOINT WARNING * * *
You are too injured to fight recklessly!
You completely miss the ogre.
The ogre is severely wounded.
The kobold is no longer paralysed. x2
You hit the ogre but do no damage.
The ogre is severely wounded.
The ogre hits you with a +0 giant spiked club!
* * * LOW HITPOINT WARNING * * *
You hit the ogre.
The ogre is almost dead.
The ogre hits you with a +0 giant spiked club!
You die...

#.wK.########....#
#.#..#
#..#..##......####
#.##.#
##.##...K.....#
#.[..###
#.#####......#
###....# #)#
#......# #.##.###
#.# #......#####
#......# #.#
#..)...KK..#
####.#.# #†##
###.####O#.# #...#
###..####
#.#≈≈≈h#.# ##..#
........#
#.#≈_.≈#.# ####
#######.#
#.#≈>.≈#.# #.#
#.#≈≈≈≈#.##
#.###.######..#
#.............#
####..........#
############


You could see an ogre and 2 kobolds.

Vanquished Creatures
  A hound (D:4)
  Jessica (D:2)
  Natasha (thrice) (D:2)
  A gnoll bouda (D:3)
  2 iguanas (D:4)
  11 gnolls
  4 adders
  A white imp (D:3)
  2 worms
  2 dart slugs (D:3)
  4 orcs
  4 ball pythons
  6 bats
  8 endoplasms
  4 giant cockroaches
  8 goblins
  6 hobgoblins
  4 jackals (D:1)
  4 quokkas
  3 frilled lizards
  8 kobolds
  4 rats
91 creatures vanquished.

Notes
Turn   | Place    | Note
-------+----------+-------------------------------------------
     0 | D:1      | mopl the Djinni Shapeshifter began the quest for the Orb.
     0 | D:1      | Reached XP level 1. HP: 17/17 MP: 0/0
    51 | D:1      | Reached XP level 2. HP: 7/22 MP: 0/0
   226 | D:1      | Reached skill level 3 in Shapeshifting
   356 | D:1      | Reached XP level 3. HP: 27/27 MP: 0/0
   356 | D:1      | Learned a level 1 spell: Necrotise
  1099 | D:2      | Reached XP level 4. HP: 27/33 MP: 0/0
  1185 | D:2      | Noticed Natasha
  1194 | D:2      | Killed Natasha
  1245 | D:2      | Noticed Natasha
  1255 | D:2      | Killed Natasha
  1256 | D:2      | Reached skill level 2 in Fighting
  1256 | D:2      | Reached skill level 4 in Unarmed Combat
  1256 | D:2      | Reached XP level 5. HP: 35/38 MP: 0/0
  1256 | D:2      | Learned a level 2 spell: Lesser Beckoning
  1366 | D:2      | Noticed Jessica
  1382 | D:2      | Killed Jessica
  1428 | D:2      | Noticed Natasha
  1438 | D:2      | Killed Natasha
  1667 | D:3      | Identified the +0 leather armour of Qaasea {Int+5 Dex-3}
  1808 | D:3      | Reached XP level 6. HP: 22/45 MP: 0/0
  1816 | D:3      | Reached skill level 4 in Shapeshifting
  1819 | D:3      | HP: 1/67 [gnoll/+0 spear[a gnoll bouda] (6)]
  2433 | D:4      | Reached skill level 5 in Unarmed Combat
  2809 | D:4      | Found a hide-covered altar of Uskayaw.
  2848 | D:4      | Reached XP level 7. HP: 49/49 MP: 0/0
  2848 | D:4      | Learned a level 3 spell: Hailstorm
  2864 | D:4      | Reached skill level 3 in Fighting
  2890 | D:4      | Became a worshipper of Uskayaw the Reveller
  2932 | D:4      | Reached * piety under Uskayaw
  2936 | D:4      | Reached ** piety under Uskayaw
  2974 | D:4      | Reached *** piety under Uskayaw
  2977 | D:4      | HP: 1/50 [ogre/+0 giant spiked club (14)]
  2978 | D:4      | Demolished by an ogre

Illustrated notes

Levels and vault maps discovered:
D:1:      roderic_octagonal_star, layout_basic, serial_rivers,
          chequers_serial_rivers_small_b, chequers_serial_rivers_small_a,
          chequers_serial_rivers_room_b, chequers_serial_rivers_large_a
D:2:      layout_rooms, uniq_jessica, uniq_natasha
D:3:      layout_rooms, palyth_stone_intersect, grunt_ministairs_3
D:4:      cheibrodos_helix_gallery, layout_rooms, general_overflow_altar

Skill      XL: |  1  2  3  4  5  6  7 |
---------------+----------------------+-----
Shapeshifting  | 3 4 |  4.5
Fighting       | 2 3 |  3.1
Unarmed Combat | 4 5 |  5.3
Dodging        | |  2.1
Invocations    | |  0.4

Action                     |  1- 3 |  4- 6 |  7- 9 || total
---------------------------+-------+-------+-------++-------
  Melee: Unarmed           |   113 |   159 |    34 ||   306
         Punch             |     1 |     9 |     2 ||    12
  Evoke: Wand              |       |     4 |       ||     4
    Use: Potion            |       |     1 |       ||     1
   Stab: Paralysed         |       |       |     1 ||     1
 Armour: Animal skin       |    13 |       |       ||    13
         Ring mail         |    57 |    75 |    21 ||   153
         Skin              |       |    31 |       ||    31
  Dodge: Dodged            |    81 |    63 |    19 ||   163
  Block: Other             |       |       |     3 ||     3

Table legend: (Time is in decaauts)
 A = Elapsed time spent in this place.
 B = Non-inter-level travel time spent in this place.
 C = Inter-level travel time spent in this place.
 D = Time resting spent in this place.
 E = Time spent auto-exploring this place.
 F = Levels seen in this place.
 G = Mean time per level.
                   A        B        C        D        E       F      G
               +--------+--------+--------+--------+--------+-----+--------+
         Total |   2956 |   2898 |     58 |    556 |   1684 |   4 |  739.0 |
       Dungeon |   2956 |   2898 |     58 |    556 |   1684 |   4 |  739.0 |
               +--------+--------+--------+--------+--------+-----+--------+

Top non-repeatable levels by time:
     D:3: 1109 daAuts
     D:1: 1053 daAuts
     D:2: 462 daAuts
     D:4: 330 daAuts
